[Event "ETCC Open 2023"]
[Site "Budva"]
[Date "2023.11.11"]
[Round "1.1"]
[White "Bjerre, Jonas Buhl"]
[Black "Radjabov, Teimour"]
[Result "1/2-1/2"]
[ECO "C42"]
[WhiteElo "2633"]
[BlackElo "2745"]
[Annotator "TA"]
[PlyCount "60"]
[EventDate "2023.11.10"]
[EventType "team-tourn"]
[EventCountry "MNE"]
[SourceTitle "playchess.com"]
[Source "ChessBase"]
[SourceQuality "1"]
[WhiteTeam "Denmark"]
[BlackTeam "Azerbaijan"]
[WhiteTeamCountry "DEN"]
[BlackTeamCountry "AZE"]
[TimeControl "40/5400+30:1800+30"]

1. e4 e5 2. Nf3 Nf6 3. Nxe5 d6 4. Nf3 Nxe4 5. d4 d5 6. Bd3 Bf5 7. O-O Be7 8. Re1 O-O 9. Nbd2 {[%emt 0:02:10][%cal Rd2e4] C42: Petroff Defence: 3 Nxe5 and unusual White 3rd moves.} Nd6 $1 10. Nf1 Bxd3 11. Qxd3 c6 12. Bf4 Na6 13. Re2 Nc7 14. Rae1 Ne6 15. Bxd6 Bxd6 16. g3 {[%emt 0:00:37] Dodges Nf4} Qf6 17. Ne5 Rfe8 18. c3 Bxe5 {[%emt 0:00:00] The position is equal.} 19. Rxe5 Nc7 20. Nd2 Rxe5 21. Rxe5 Re8 22. Nf3 Rxe5 23. Nxe5 $11 {[%emt 0:00:41][%mdl 4096] Endgame KQN-KQN} Qe6 24. Qf3 Ne8 {[%emt 0:00:00] [#]} 25. Qf4 $146 ({Predecessor:} 25. Qg4 Qxg4 26. Nxg4 f6 27. f3 Kf7 28. Nf2 Nd6 29. Nd3 Ke7 30. Kf2 g5 {½-½ Santos Latasa,J (2656)-Radjabov,T (2747) FIDE World Cup 2023 (3.2)}) 25... f6 26. Nd3 Nd6 27. Nc5 Qe7 28. Qg4 g6 29. Kf1 Kf7 30. Qe2 b6 {[%emt 0:00:00] An uneventful encounter.   Weighted Error Value: White=0.03 (flawless) /Black=0.01 (flawless)} 1/2-1/2

[Event "ETCC Open 2023"]
[Site "Budva"]
[Date "2023.11.11"]
[Round "1.2"]
[White "Mamedyarov, Shakhriyar"]
[Black "Andersen, Mads"]
[Result "0-1"]
[ECO "D02"]
[WhiteElo "2734"]
[BlackElo "2612"]
[Annotator "TA"]
[PlyCount "74"]
[EventDate "2023.11.10"]
[EventType "team-tourn"]
[EventCountry "MNE"]
[SourceTitle "playchess.com"]
[Source "ChessBase"]
[SourceQuality "1"]
[WhiteTeam "Azerbaijan"]
[BlackTeam "Denmark"]
[WhiteTeamCountry "AZE"]
[BlackTeamCountry "DEN"]
[TimeControl "40/5400+30:1800+30"]

1. d4 d5 2. Nf3 Nf6 3. Bf4 c5 4. e3 e6 5. Nbd2 Qb6 6. c4 {[%emt 0:03:27] D02: 1 d4 d5 2 Nf3 sidelines, including 2...Nf6 3 g3 and 2...Nf6 3 Bf4.} Nc6 7. Bd3 cxd4 {[%emt 0:06:15] [#]} 8. exd4 $146 {[%emt 0:02:27] Black is slightly better.} ({Predecessor:} 8. O-O Bc5 9. Re1 dxe3 10. Bxe3 Bxe3 11. Rxe3 O-O 12. Qc2 Nb4 13. Qc3 Nxd3 14. Qxd3 {0-1 Tran,T-Luong,D (1767) VIE-chT Bac Giang 2020 (2.24)}) 8... Nxd4 9. O-O Be7 10. cxd5 Nxf3+ (10... Qxb2 $2 11. Qa4+ Bd7 12. Qxd4 $18) 11. Qxf3 {[%emt 0:00:28] Strongly threatening Nc4.} exd5 12. Rfe1 Be6 13. Nb3 O-O 14. Be3 Qd6 15. Bf4 Qb6 16. Be3 Qd6 17. Bc5 Qd8 18. Bd4 b6 19. h3 Rc8 20. Rad1 Qd7 21. Bc3 Qb7 22. Nd4 Ne4 {[%emt 0:01:20] [#]} 23. Rxe4 $1 dxe4 24. Bxe4 Qc7 25. Nxe6 fxe6 26. Qh5 ({White must play} 26. Qg4 $16 Bf6 27. Qxe6+ Qf7 28. Bd5 (28. Qf5 g6 $14)) 26... g6 $11 27. Qg4 {[%emt 0:02:59][%cal Oe4g6] Hoping for Bxg6!} Kf7 28. Rd3 {[%emt 0:04:35] [#]} (28. Qf3+ $11 {keeps the balance.} Ke8 29. Qg4) 28... Bf6 $1 $17 29. Bb4 Rfd8 30. Rg3 {[%emt 0:00:02][%cal Re4g6] Black must now prevent Bxg6+!} Rg8 (30... Bxb2 $2 31. Bxg6+ Kg8 32. Bxh7+ (32. Qxe6+ Kh8 $15) 32... Kh8 33. Bg6 $18) 31. Rf3 (31. Bd2 $17) 31... Kg7 {[%emt 0:01:00] And now ...Qc1+ would win.} 32. h4 (32. Bd3 $142) 32... Bxb2 (32... Qc1+ $142 33. Kh2 Qxb2) 33. h5 $2 (33. g3 {might work better.}) 33... Qe5 $19 34. h6+ Kh8 $1 {[%emt 0:00:45] Black is clearly winning.} 35. Bd2 {[%emt 0:00:53] Against Rc1+} Bc1 36. Bb4 (36. Qf4 $142 Qxf4 37. Bxf4 Bxf4 38. Rxf4) 36... Bxh6 {[%emt 0:00:28] ( -> ...Rc1+)} ({Stronger than} 36... Rc4 37. Be7 Bb2 38. Bf6+ Qxf6 39. Rxf6 Bxf6 40. Qxe6 Rc1+ 41. Kh2 $11) 37. g3 Rc4 {[%emt 0:00:35][%csl LRb4,LRe4] An entertaining game by Andersen.   Weighted Error Value: White=0.51/Black=0.16 (very precise)} 0-1

[Event "ETCC Open 2023"]
[Site "Budva"]
[Date "2023.11.11"]
[Round "1.3"]
[White "Thybo, Jesper Sondergaard"]
[Black "Mamedov, Rauf"]
[Result "1/2-1/2"]
[ECO "D12"]
[WhiteElo "2522"]
[BlackElo "2644"]
[Annotator "TA"]
[PlyCount "67"]
[EventDate "2023.11.10"]
[EventType "team-tourn"]
[EventCountry "MNE"]
[SourceTitle "playchess.com"]
[Source "ChessBase"]
[SourceQuality "1"]
[WhiteTeam "Denmark"]
[BlackTeam "Azerbaijan"]
[WhiteTeamCountry "DEN"]
[BlackTeamCountry "AZE"]
[TimeControl "40/5400+30:1800+30"]

1. d4 Nf6 2. c4 c6 3. Nf3 d5 4. e3 Bf5 5. Nc3 e6 6. Nh4 Bg6 7. Nxg6 hxg6 8. Qb3 {[%emt 0:00:20] 8.Rb1 is the modern continuation. D12: Slav Defence: 3 Nf3 Nf6 4 e3 Bf5.} Qc7 9. g3 Nbd7 10. Bg2 Be7 11. O-O O-O 12. a3 Rfd8 {[%emt 0:02:43] [#]} 13. Rd1 $146 ({Predecessor:} 13. Qa2 Nb6 14. b3 e5 15. dxe5 Qxe5 16. Bb2 Qh5 17. cxd5 Nbxd5 18. Nxd5 Nxd5 19. Rac1 {½-½ Panitevsky,I (2537)-Johnson,B (2528) ICCF GMN/A/03 email 2019}) 13... Rac8 14. e4 dxe4 {[%emt 0:21:24] The position is equal.} 15. Nxe4 Nxe4 16. Bxe4 e5 17. Be3 exd4 18. Bxd4 Bc5 19. Qe3 Bxd4 20. Rxd4 Re8 21. Qd2 $1 Nc5 22. Bc2 {[%emt 0:00:16] Prevents Nb3.} Qe5 23. Rd1 Ne6 24. Rd7 Rcd8 25. Qe3 Qxb2 26. Rxd8 Rxd8 27. Rxd8+ Nxd8 $11 {[%emt 0:00:02][%mdl 4096] Endgame KQB-KQN} 28. Qe8+ Kh7 {[%emt 0:00:16] [#] aiming for ...Qc1+.} 29. Qxd8 Qxc2 30. Qh4+ Kg8 {[%emt 0:00:16] Threatens to win with ...Qc1+.} 31. Qd8+ Kh7 {[%emt 0:00:03] ...Qc1+ would be deadly.} 32. Qh4+ Kg8 33. Qd8+ Kh7 {[%emt 0:00:03] [#] ...Qc1+ is the strong threat.} 34. Qh4+ {[%emt 0:00:00] A balanced but interesting game.   Weighted Error Value: White=0.04 (flawless) /Black=0.02 (flawless)} 1/2-1/2

[Event "ETCC Open 2023"]
[Site "Budva"]
[Date "2023.11.11"]
[Round "1.4"]
[White "Abasov, Nijat"]
[Black "Ochsner, Bjorn Moller"]
[Result "1/2-1/2"]
[ECO "D35"]
[WhiteElo "2679"]
[BlackElo "2534"]
[Annotator "TA"]
[PlyCount "35"]
[EventDate "2023.11.10"]
[EventType "team-tourn"]
[EventCountry "MNE"]
[SourceTitle "playchess.com"]
[Source "ChessBase"]
[SourceQuality "1"]
[WhiteTeam "Azerbaijan"]
[BlackTeam "Denmark"]
[WhiteTeamCountry "AZE"]
[BlackTeamCountry "DEN"]
[TimeControl "40/5400+30:1800+30"]

1. d4 Nf6 2. Nf3 d5 3. c4 e6 4. Nc3 Nbd7 5. cxd5 exd5 6. Bf4 Bb4 7. e3 Ne4 {[%emt 0:00:46] 7...c5 is not played anymore. D35: Queen's Gambit Declined: Exchange Variation.} 8. Rc1 (8. Qc2 $5 ) 8... g5 9. Bg3 h5 {[%emt 0:11:41] [#] ...h4 is the strong threat. Black is slightly better.} 10. h4 Nxg3 11. fxg3 {[%emt 0:01:09] [#]} g4 $146 ({Predecessor:} 11... gxh4 12. gxh4 Qe7 13. Qd3 c6 14. Be2 Nf6 15. a3 Bd6 16. Ng5 Bg4 {1-0 Charochkina,D (2366)-Ambartsumova,K (2280) RUS-ch blitz (Women) 2016 (8.3)}) 12. Ng1 Qe7 13. Qd2 Qd6 14. Kf2 Qf6+ 15. Ke1 Qd6 16. Kf2 $1 Qf6+ 17. Ke1 Qd6 18. Kf2 $1 {[%emt 0:53:00] Weighted Error Value: White=0.07 (flawless) /Black=0.17 (very precise)} 1/2-1/2

[Event "ETCC Open 2023"]
[Site "Budva"]
[Date "2023.11.11"]
[Round "1.5"]
[White "Kadric, Denis"]
[Black "Martirosyan, Haik M."]
[Result "1/2-1/2"]
[ECO "C50"]
[WhiteElo "2584"]
[BlackElo "2708"]
[Annotator "TA"]
[PlyCount "61"]
[EventDate "2023.11.10"]
[EventType "team-tourn"]
[EventCountry "MNE"]
[SourceTitle "playchess.com"]
[Source "ChessBase"]
[SourceQuality "1"]
[WhiteTeam "Montenegro"]
[BlackTeam "Armenia"]
[WhiteTeamCountry "MNE"]
[BlackTeamCountry "ARM"]
[TimeControl "40/5400+30:1800+30"]

1. e4 e5 2. Nf3 Nc6 3. Bc4 Bc5 4. O-O Nf6 5. d3 O-O 6. Re1 {[%emt 0:01:36] C50: Hungarian Defence and Giuoco Pianissimo.} Ng4 7. Re2 Kh8 8. h3 f5 {[%emt 0:00:06] ...fxe4 would be deadly.} 9. Bg5 (9. hxg4 fxg4 10. Ng5 Qf6 $17) 9... Nf6 10. exf5 {[%emt 0:01:42][%cal Ob1c3] [#]} (10. Nc3 $5 ) 10... Nd4 $146 (10... d5 $11 {keeps the balance.} 11. Bb3 e4 12. dxe4 dxe4 13. Qxd8 Rxd8) ({Predecessor:} 10... d6 11. c3 Bb6 12. d4 exd4 13. cxd4 Bxf5 14. Nc3 h6 15. Be3 Ne7 16. d5 Bxe3 17. Rxe3 {1-0 Vachier Lagrave,M (2763)-Nakamura,H (2736) Meltwater Tour Final rapid 2021 (7.5)}) 11. Nxd4 $16 (11. Rxe5 Nxf3+ 12. Qxf3 Bd4 $11) 11... exd4 {[%emt 0:00:09] Black is weak on the light squares} 12. Bd5 $36 {[%emt 0:05:36][%mdl 2048] White has strong initiative.} c6 13. Bf3 {[%emt 0:00:06] White is more active.} d5 14. g4 g6 15. fxg6 Rg8 16. Bxf6+ (16. Qe1 $142) 16... Qxf6 17. gxh7 Kxh7 18. Nd2 Bd6 (18... Qh4 $1 $14 19. Bg2 Bxg4 20. hxg4 Rxg4) 19. Bg2 Bd7 20. Nf1 (20. Nf3 Bxg4 21. hxg4 Rxg4 $11) 20... Raf8 21. Ng3 Qh4 {[%emt 0:02:40][%cal Od7g4] [#]} 22. Qd2 (22. Qe1 $1 $16) 22... Bxg4 $1 $11 {[%emt 0:07:19] The position is equal.} 23. hxg4 Rxg4 24. Rae1 {[%emt 0:38:27] And now Re8 would win.} Rxg3 $1 25. fxg3 Bxg3 {[%emt 0:00:31][%csl Gg3][%cal Rh4h2] [#]} 26. Bxd5 cxd5 (26... Bxe1 $2 27. Be4+ (27. Qxe1 Qxe1+ 28. Rxe1 cxd5 $16) 27... Kh8 28. Rxe1 $18) 27. Rh2 $1 Bxh2+ 28. Qxh2 Qxh2+ 29. Kxh2 Rf2+ 30. Kg3 Rxc2 31. Re7+ {[%emt 0:00:03] White really could win this.   Weighted Error Value: White=0.12 (very precise) /Black=0.12 (very precise)} 1/2-1/2

[Event "ETCC Open 2023"]
[Site "Budva"]
[Date "2023.11.11"]
[Round "1.6"]
[White "Sargissian, Gabriel"]
[Black "Djukic, Nikola"]
[Result "1-0"]
[ECO "A34"]
[WhiteElo "2686"]
[BlackElo "2518"]
[Annotator "TA"]
[PlyCount "61"]
[EventDate "2023.11.10"]
[EventType "team-tourn"]
[EventCountry "MNE"]
[SourceTitle "playchess.com"]
[Source "ChessBase"]
[SourceQuality "1"]
[WhiteTeam "Armenia"]
[BlackTeam "Montenegro"]
[WhiteTeamCountry "ARM"]
[BlackTeamCountry "MNE"]
[TimeControl "40/5400+30:1800+30"]

1. Nf3 c5 2. c4 Nc6 3. Nc3 e5 4. e3 Nf6 5. d4 e4 6. d5 {[%emt 0:01:34] Strongly threatening Ng5. A34: Symmetrical English: 2 Nc3, lines with ...d5.} exf3 7. dxc6 dxc6 {[%emt 0:02:04] White should prevent ...Qxd1+. The main line 7...dxc6 scores better than 7...bxc6.} 8. Qxd8+ {[%emt 0:02:02] The position is equal.} Kxd8 9. gxf3 g6 10. b3 Bg7 11. Bb2 b6 12. O-O-O+ (12. Ne4 {looks sharper.} Ke7 13. O-O-O Be6 14. Rg1) 12... Kc7 {[%emt 0:02:40] [#]} 13. h4 $146 ({Predecessor:} 13. Bg2 Be6 14. f4 Rad8 15. Ne2 Nh5 16. Be5+ Bxe5 17. fxe5 Bg4 18. f3 Bf5 19. Ng3 Nxg3 20. hxg3 {1-0 Dzagnidze,N (2524)-Saduakassova,D (2500) Gibraltar FIDE GP (Women) 2021 (3)}) 13... Bf5 14. Ne2 h5 (14... Nh5 $11) 15. Ng3 Be6 16. Be5+ Kb7 17. f4 Ne8 {[%emt 0:03:05] [#]} (17... Rhg8 $14) 18. Bh3 $1 $18 Bxh3 19. Rxh3 {[%emt 0:00:17] Black must now prevent Rd7+.} Kc8 {[%emt 0:00:15] Repels Rd7} (19... Rf8 $16 {is a better defense.}) 20. Ne4 Rg8 21. Nd6+ Nxd6 22. Rxd6 Kb7 $2 (22... Bxe5 23. fxe5 Kc7) 23. Rd7+ Ka6 {[%emt 0:00:49] Black is weak on the dark squares} 24. Rxf7 Bxe5 25. fxe5 {[%emt 0:00:09][%cal Bf4e5,Be5e6,Be6e7][%mdl 4128] Endgame KRR-KRR} g5 26. hxg5 {[%emt 0:05:00] White is clearly winning.} Rxg5 27. e6 Re5 28. e7 {[%emt 0:00:18] [#] Hoping for f4.} Re8 29. Kd2 Ka5 30. a3 b5 31. f4 {[%emt 0:00:38] Weighted Error Value: White=0.05 (flawless) /Black=0.35} 1-0

[Event "ETCC Open 2023"]
[Site "Budva"]
[Date "2023.11.11"]
[Round "1.7"]
[White "Petrov, Nikita"]
[Black "Sargsyan, Shant"]
[Result "1/2-1/2"]
[ECO "D35"]
[WhiteElo "2567"]
[BlackElo "2625"]
[Annotator "TA"]
[PlyCount "39"]
[EventDate "2023.11.10"]
[EventType "team-tourn"]
[EventCountry "MNE"]
[SourceTitle "playchess.com"]
[Source "ChessBase"]
[SourceQuality "1"]
[WhiteTeam "Montenegro"]
[BlackTeam "Armenia"]
[WhiteTeamCountry "MNE"]
[BlackTeamCountry "ARM"]
[TimeControl "40/5400+30:1800+30"]

1. d4 Nf6 2. c4 e6 3. Nc3 d5 4. cxd5 exd5 5. Bg5 c6 6. e3 h6 7. Bh4 Be7 8. Bd3 O-O {[%emt 0:00:11] The position is equal.} 9. Bg3 {[%emt 0:01:06] D35: Queen's Gambit Declined: Exchange Variation.} Re8 (9... Bg4 {feels hotter.} 10. Nge2 Nh5 11. Be5 Nd7) 10. Nf3 Bg4 11. h3 Bxf3 12. Qxf3 Bd6 13. Bh4 Nbd7 14. O-O Be7 15. Bg3 Nf8 16. Be5 N6d7 17. Bh2 Nf6 18. Be5 N6d7 19. Bh2 Nf6 {[%emt 0:01:06] [#]} 20. Be5 $146 {[%emt 0:03:07] A rather calm draw.   Weighted Error Value: White=0.03 (flawless) /Black=0.02 (flawless)} ({Predecessor:} 20. Rab1 a5 21. Be5 N6d7 22. Bh2 Nf6 23. Be5 N6d7 {½-½ Gilevich,A (2411)-Favaloro,A (2403) ITA-chT GpB 54th 2023 (3)}) 1/2-1/2

[Event "ETCC Open 2023"]
[Site "Budva"]
[Date "2023.11.11"]
[Round "1.8"]
[White "Ter-Sahakyan, Samvel"]
[Black "Draskovic, Luka"]
[Result "1/2-1/2"]
[ECO "B67"]
[WhiteElo "2618"]
[BlackElo "2476"]
[Annotator "TA"]
[PlyCount "93"]
[EventDate "2023.11.10"]
[EventType "team-tourn"]
[EventCountry "MNE"]
[SourceTitle "playchess.com"]
[Source "ChessBase"]
[SourceQuality "1"]
[WhiteTeam "Armenia"]
[BlackTeam "Montenegro"]
[WhiteTeamCountry "ARM"]
[BlackTeamCountry "MNE"]
[TimeControl "40/5400+30:1800+30"]

1. e4 c5 2. Nf3 d6 3. d4 cxd4 4. Nxd4 Nf6 5. Nc3 Nc6 6. Bg5 Bd7 7. Qd2 a6 8. O-O-O e6 9. Kb1 Nxd4 {[%emt 0:02:25] now supersedes 9...Be7. B67: Sicilian: Richter-Rauzer: 7...a6 8 0-0-0 Bd7, lines without 9 f4 Be7.} 10. Qxd4 Be7 11. f3 Qc7 {[%emt 0:02:12] White is slightly better.} 12. Qd2 b5 13. g4 h5 14. gxh5 Nxh5 15. Rg1 {[%emt 0:00:17] [#]} Bc6 $146 ({Predecessor:} 15... Bf6 16. Bxf6 gxf6 17. f4 Qc5 18. Bg2 b4 19. Ne2 Rc8 20. Bf3 Bc6 21. Nd4 Bb7 {½-½ Ter Sahakyan,S (2632)-Lagarde,M (2626) EU-ch 22nd Terme Catez 2022 (8)}) 16. Ne2 Nf6 17. Nd4 Bb7 18. h4 g6 19. Bh3 {[%emt 0:16:58] White is more active.} (19. c4 $16) 19... e5 $1 $11 20. Ne2 Rd8 21. Ng3 Nh5 (21... d5 $5 22. Qg2 Kf8 $11) 22. Nxh5 Rxh5 23. Bg4 Rh8 24. Qf2 (24. h5 $14 gxh5 25. Bxe7 Qxe7 26. Bf5) 24... Bxg5 $1 25. hxg5 Ke7 (25... Qc5 $5 26. Qd2 Kf8 $11) 26. Rd3 {[%emt 0:05:22] aiming for Rc3.} Qc5 {[%emt 0:00:44] Inhibits Rc3.} 27. Qg3 b4 28. Rc1 a5 29. c3 {[%emt 0:00:59][%cal Bc2c3,Bc3c4][%mdl 32] [#]} b3 $1 30. axb3 Qb5 {[%emt 0:02:52] [#]} (30... a4 $1 $11 31. b4 (31. bxa4 Qc4 $11) 31... Qc4) 31. c4 $1 $16 Qc5 32. Qg1 Bc6 33. Rcd1 Rhf8 34. Qe3 Rh8 35. Qd2 Rh4 36. Ka1 Rhh8 37. Qc3 (37. Ka2 $16) 37... Rh4 38. Ka2 Rh2 $1 {[%emt 0:00:28] Dodges Qd2} 39. Ka1 Rf2 40. Ka2 Rg2 41. Ka1 (41. Bh3 $5 Rg3 42. f4 (42. Bg4 Rg1 $11) 42... Rxd3 43. Rxd3 $16 (43. Qxd3 exf4 {[%mdl 64] Discovered Attack} 44. e5 Qxe5 $17)) 41... Rf2 42. Qe1 Rc2 {[%emt 0:06:06] The position is equal.} 43. Kb1 Rg2 44. Qh1 Re2 {[%emt 0:04:12] Hoping for ...Qf2.} ({Resist} 44... Qf2 45. R3d2 Qxd2 46. Rxd2 Rxd2 47. Qe1 $18) 45. Qf1 {[%emt 0:00:06] Some like it hot} Rf2 46. Qe1 {[%emt 0:00:03][%cal Od3d5] Rd5! would be deadly.} Rg2 47. Qf1 {[%emt 0:05:22] Weighted Error Value: White=0.13 (very precise) /Black=0.09 (flawless)} 1/2-1/2

[Event "ETCC Open 2023"]
[Site "Budva"]
[Date "2023.11.11"]
[Round "1.9"]
[White "Carlsen, Magnus"]
[Black "Pechac, Jergus"]
[Result "1-0"]
[ECO "C65"]
[WhiteElo "2829"]
[BlackElo "2580"]
[Annotator "TA"]
[PlyCount "71"]
[EventDate "2023.11.10"]
[EventType "team-tourn"]
[EventCountry "MNE"]
[SourceTitle "playchess.com"]
[Source "ChessBase"]
[SourceQuality "1"]
[WhiteTeam "Norway"]
[BlackTeam "Slovakia"]
[WhiteTeamCountry "NOR"]
[BlackTeamCountry "SVK"]
[TimeControl "40/5400+30:1800+30"]

1. e4 e5 2. Nf3 Nc6 3. Bb5 Nf6 4. d4 Nxd4 5. Nxd4 c6 6. Bc4 {[%emt 0:18:18] White wants to play Nf3. C65: Ruy Lopez: Berlin Defence (3...Nf6), unusual lines and 4 0-0 Bc5.} exd4 7. Qxd4 Qb6 8. Qe5+ {[%emt 0:11:41] The position is equal.} Be7 $1 9. O-O d6 10. Qg3 O-O 11. Nc3 {[%emt 0:00:18] [#]} Be6 $146 ({Predecessor:} 11... Qc7 12. Bh6 Nh5 13. Qf3 Nf6 14. Bf4 Be6 15. Bb3 Nd7 16. Rad1 Ne5 17. Qg3 Bxb3 18. axb3 {½-½ Tregubov,P (2539)-Fieberg,S (2186) Titled Tuesday intern op 22 Mar Late blitz 2022 (5)}) 12. Bxe6 fxe6 13. e5 Ne8 14. Qg4 Rf5 15. exd6 Bxd6 16. Qc4 (16. Qe2 {simplifies} Re5 17. Ne4 Nf6 18. Nxf6+ gxf6 19. Qg4+) 16... Nc7 17. Ne4 Be5 18. a4 Nd5 ({Weaker is} 18... Bxb2 19. Bxb2 (19. Rb1 Qd4 $14) 19... Qxb2 20. Rab1 $16) 19. c3 a5 20. g3 h6 21. Bd2 Re8 (21... Qxb2 $2 22. Rab1 Qa3 23. f4 $18 (23. Rxb7 Qf8 $16)) 22. Rae1 Bb8 (22... Qxb2 $2 23. Rb1 Qa3 24. Rxb7 $18) 23. Re2 Qxb2 {[%emt 0:05:39] [#]} (23... Ref8 $11) 24. Bxh6 $1 $16 {[%emt 0:00:51][%mdl 576] Discovered Attack} Qa3 (24... Qb6 25. Bd2) 25. Be3 Nxe3 26. Rxe3 Qe7 27. h4 Qd7 {[%emt 0:03:20] [#]} (27... Ba7 $16 {was necessary.}) 28. Ng5 $1 $18 {[%emt 0:01:03] Strongly threatening Qg4.} Ba7 {[%emt 0:01:47] [#]} 29. Rd3 (29. Rxe6 Rxe6 30. Qxe6+ (30. Nxe6 Qf7 $11) 30... Qxe6 31. Nxe6 b5 $14) 29... Rd5 (29... Qe7 $142 30. Qg4 Rf6) 30. Rf3 Rf8 31. Rxf8+ Kxf8 32. Qe4 {[%emt 0:00:14] Wards off Re5} Ke7 33. Qg6 Kd8 34. Nxe6+ ({Less strong is} 34. Qxe6 Qxe6 35. Nxe6+ Ke7 $14) 34... Kc8 35. Nxg7 Re5 36. Qf6 {[%emt 0:01:32] Weighted Error Value: White=0.04 (flawless) /Black=0.23 (precise)} 1-0

[Event "ETCC Open 2023"]
[Site "Budva"]
[Date "2023.11.11"]
[Round "1.10"]
[White "Gazik, Viktor"]
[Black "Tari, Aryan"]
[Result "1-0"]
[ECO "B69"]
[WhiteElo "2547"]
[BlackElo "2620"]
[Annotator "TA"]
[PlyCount "117"]
[EventDate "2023.11.10"]
[EventType "team-tourn"]
[EventCountry "MNE"]
[SourceTitle "playchess.com"]
[Source "ChessBase"]
[SourceQuality "1"]
[WhiteTeam "Slovakia"]
[BlackTeam "Norway"]
[WhiteTeamCountry "SVK"]
[BlackTeamCountry "NOR"]
[TimeControl "40/5400+30:1800+30"]

1. e4 c5 2. Nf3 d6 3. d4 cxd4 4. Nxd4 Nf6 5. Nc3 Nc6 6. Bg5 e6 7. Qd2 a6 8. O-O-O Bd7 9. f4 Be7 10. Nf3 b5 11. Bxf6 gxf6 12. Kb1 b4 {[%emt 0:01:45] B69: Sicilian: Richter-Rauzer: 7...a6 8 0-0-0 Bd7 9 f4 Be7 10 Nf3 b5 11 Bxf6.} 13. Ne2 h5 {[%emt 0:01:17] [#]} 14. f5 $1 {[%emt 0:15:30] Strongly threatening fxe6.} e5 {[%emt 0:00:07] White is slightly better.} 15. Nc1 a5 16. Bc4 Qb6 {[%emt 0:01:58] [#]} 17. Rhe1 $146 ({Predecessor:} 17. Rhg1 Rc8 18. Qd5 Nd8 19. g4 Qe3 20. Rg3 Rc5 21. Qd3 Qxd3 22. Bxd3 hxg4 23. Rxg4 {½-½ Mitusov,S (2468)-Sasikiran,K (2595) Fagernes Autumn op 2023 (9)}) 17... Rc8 18. Bd5 Na7 19. Qe3 Qb8 ({Black should play} 19... Qxe3 $15 20. Rxe3 Nb5) 20. Nd2 $11 a4 (20... Qc7 $14) 21. Nc4 $36 {[%emt 0:09:43][%mdl 2048] Keeping Black busy.} a3 22. b3 Nb5 23. Ne2 {[%emt 0:00:01] Repels Nc3+} Bf8 24. c3 Bh6 25. Qh3 (25. Qf3 $16) 25... bxc3 $1 $14 26. Qxh5 (26. Nxc3 $5 Kf8 27. Nxb5 Bxb5 28. Qxh5 $16 (28. Nxa3 Ba6 $16)) 26... Rh7 27. Rd3 $1 (27. Bxf7+ $2 Rxf7 28. Qxh6 Rxc4 $19) 27... Ke7 {[%emt 0:02:16] [#] ...Bc6 would be deadly.} 28. Rf1 {[%emt 0:04:57] White has more active pieces.} (28. Nxc3 Nxc3+ 29. Rxc3 Qb4 $17) (28. Red1 $1 $16) 28... Qa7 (28... c2+ $1 $11 {remains equal.} 29. Kxc2 Bc6 30. Bxc6 Rxc6) 29. Nxc3 $16 Nxc3+ 30. Rxc3 Qd4 {[%emt 0:00:56] Prevents Rd1. ( -> ...Rxc4)} 31. Rc2 {[%emt 0:00:38] aiming for Rd1.} Be8 $2 {[%emt 0:03:06][%mdl 8192] This move loses the game for Black.} ({Better is} 31... Rxc4 $1 $14 32. Bxc4 (32. bxc4 Qb6+ 33. Ka1 Be3 34. Qe2 Bd4+) 32... Qxe4) 32. Rd1 $18 ({Less strong is} 32. Nxa3 Rxc2 33. Nxc2 Qd2 $18) 32... Qa7 33. g3 Rc5 34. h4 {[%emt 0:02:11] And now g4 would win.} Rh8 (34... Kf8 {keeps fighting.} 35. Qf3 (35. Nxd6 $2 {perishes.} Rxc2 36. Kxc2 Qf2+ {[%mdl 64] Skewer, Double Attack} 37. Kc3 Bd2+ {[%mdl 64] Discovered Attack} 38. Rxd2 Qxg3+ 39. Kc4 Rxh5 $19) 35... Qa6) 35. Rc3 Rc7 36. Qf3 {[%emt 0:00:50][%cal Oc4d6] Nxd6! is the strong threat.} Qc5 37. Rc2 Qa7 {[%emt 0:01:09] [#]} 38. Nxa3 $1 {[%emt 0:00:05][%mdl 576] Deflection} Rxc2 39. Nxc2 Rg8 (39... Bb5 {was worth a try.} 40. a4 Bd7) 40. Kb2 Qc5 41. a3 Qb6 42. Bc4 Kf8 43. Qd3 Qf2 (43... Rg4 $142 44. Qf3 Rg8) 44. Qxd6+ Kg7 45. a4 Be3 46. g4 {[%emt 0:02:11][%cal Bg3g4,Bg4g5][%mdl 32] Hoping for g5!} Bc5 47. Qd5 Bd4+ 48. Kb1 Ba7 49. g5 Qxh4 {[%emt 0:00:01] [#]} 50. g6 $1 Rf8 51. gxf7 Bxf7 52. Qb7 Qh5 53. Rd7 Kh8 54. Bxf7 Qh1+ 55. Kb2 {[%emt 0:00:23][%cal Bb1b2,Bb2b3,Bb3c3,Bc3b3][%mdl 32] White mates.} Rb8 56. Qxa7 Rxb3+ 57. Kxb3 ({Stronger than} 57. Bxb3 Qa1+ 58. Kxa1 $11) 57... Qb1+ 58. Kc3 Qb3+ 59. Kxb3 {[%emt 0:00:05] An entertaining game by Gazik.   Weighted Error Value: White=0.23 (precise) /Black=0.37} 1-0